 Dungeon Crawl Stone Soup version 0.29-a0-791-ga0f254aafb (webtiles) character file.

Game seed: 4271314027750523251

130 Malachi the Trooper (level 4, -1/37 HPs)
             Began as a Demonspawn Monk on July 3, 2022.
             Killed by nerve-wracking pain
             ... invoked by Grinder
              (5 damage)
             ... in a sewer.
             The game lasted 00:03:28 (2735 turns).

Malachi the Trooper (Demonspawn Monk)               Turns: 2735, Time: 00:03:28

Health: -1/37      AC:  2    Str:  9 (12) XL:     4   Next: 90%
Magic:  4/4        EV: 12    Int:  9 (11) God:
Gold:   146        SH:  0    Dex: 14 (17) Spells: 3/3 levels left

rFire   . . .      SeeInvis .   g - +4 dagger (venom)
rCold   . . .      Faith    .   i - +0 buckler
rNeg    . . .      Spirit   .   b - +0 robe
rPois   .          Reflect  .   (no helmet)
rElec   .          Harm     .   (no cloak)
rCorr   .          Rampage  .   (no gloves)
Will    .....                   (no boots)
Stlth   +.........              (no amulet)
HPRegen 0.12/turn               (no ring)
MPRegen 0.09/turn               (no ring)

@: confused, ambrosia-drunk, unable to drink
A: hooves 1, condensation shield, inability to drink while threatened 1
a: no special abilities


You were in a sewer.
You visited 1 branch of the dungeon, and saw 3 of its levels.
You also visited: Sewer.

You collected 146 gold pieces.

Inventory:

Hand Weapons
 a - a +0 falchion
 g - a +4 dagger of venom (weapon)
Armour
 b - a +0 robe (worn)
 i - a +0 buckler (worn)
Scrolls
 e - 2 scrolls of teleportation {unknown}
 h - 5 scrolls of identify {unknown}
 k - a scroll of magic mapping {unknown}
 n - a scroll of enchant weapon {unknown}
Potions
 l - 2 potions of curing


   Skills:
 + Level 4.1 Fighting
 - Level 1.3(2.4) Short Blades
 - Level 3.2(3.3) Long Blades
 - Level 2.6 Dodging
 - Level 1.7 Stealth
 * Level 2.1 Shields


You had 3 spell levels left.
You didn't know any spells.
Your spell library was empty.

Dungeon Overview and Level Annotations

Branches:
Dungeon (3/15)              Sewer (1/1)

Altars:

Annotations:
Sewer Grinder


Innate Abilities, Weirdness & Mutations

You have large cloven feet.
A meltable shield of frost defends you. (SH +4)
You occasionally lose the ability to drink potions when taking damage.


Message History

You closely miss Grinder.
Grinder is lightly wounded.
You block Grinder's attack. Grinder barely misses you.
You hit Grinder.
Grinder is lightly wounded.
You block Grinder's attack.
You puncture Grinder!
Grinder is moderately wounded.
You block Grinder's attack.
You barely miss Grinder.
Grinder is moderately wounded.
You feel yourself speed up.
You can drink potions again.
The kobold drinks a potion.
The kobold seems to speed up.
Grinder hits you.
* * * LOW HITPOINT WARNING * * *
You writhe in agony.
* * * LOW HITPOINT WARNING * * *
It was a potion of brilliance.
You feel clever all of a sudden. You block Grinder's attack.
It was a potion of cancellation.
Your magical effects are unravelling.
You feel magically purged.
You feel less wooden.
Your +0 robe unmelds from your body.
You feel a little less clever now. Grinder closely misses you.
You are confused.
You feel invigorated. Grinder hits you.
You feel threatened and lose the ability to drink potions!
* * * LOW HITPOINT WARNING * * *
Unknown command.
You are too confused!
Sorry, you're not good enough to have a special ability.
Unknown command.
You cannot drink potions in your current state!
Unknown command.
Grinder gestures at you. Pain shoots through your body!
You die...

#≈≈≈≈≈≈#...#≈≈≈≈≈≈#
#≈≈≈≈≈≈#.).≈≈≈≈≈≈≈#≈≈≈#
#≈≈≈≈≈≈#...#.≈≈≈≈≈#≈≈≈#
#≈≈≈≈≈...≈...≈≈≈≈≈#≈≈≈#
#≈≈≈≈.)#≈≈≈#..≈≈≈.#≈≈≈#
#......#≈≈≈#......#≈≈≈#
#'#######≈#######'#≈≈≈#
# ....#...#......#≈≈≈#
≈≈≈≈...@.≈≈≈≈≈≈≈≈.≈#
≈≈≈≈#...#≈≈≈≈≈≈#≈≈≈# #
####5#############
#55.# #KKB§...#
...'.KBK..5J...
...'.§.5.§.'...
...'.......'..5
≈≈≈#..§.§..#≈≈≈


You could see Grinder (strong), a kobold brigand, a quasit, 2 ufetubi, 2 giant
cockroaches and 2 kobolds.

Vanquished Creatures
  Natasha (D:3)
  An adder (D:2)
  A gnoll (D:1)
  A shadow imp (Sewer)
  2 ufetubi (Sewer)
  2 worms (D:2)
  2 dart slugs
  8 endoplasms
  2 giant cockroaches
  6 goblins
  3 hobgoblins
  4 quokkas
  5 ball pythons
  A bat (D:1)
  2 frilled lizards (D:1)
  11 kobolds
  A kobold zombie (Sewer)
  7 rats
60 creatures vanquished.

Vanquished Creatures (others)
  An endoplasm (Sewer)
1 creature vanquished.

Grand Total: 61 creatures vanquished

Notes
Turn   | Place    | Note
-------+----------+-------------------------------------------
     0 | D:1      | Malachi the Demonspawn Monk began the quest for the Orb.
     0 | D:1      | Reached XP level 1. HP: 18/18 MP: 1/1
   529 | D:1      | Gained mutation: A meltable shield of frost defends you.
                  | (SH +4) [demonic ancestry]
   529 | D:1      | Reached XP level 2. HP: 24/24 MP: 2/2
   892 | D:1      | Reached XP level 3. HP: 29/29 MP: 3/3
   965 | D:1      | Reached skill level 1 in Shields
  1940 | D:2      | Discovered your monstrous ancestry.
  1940 | D:2      | Gained mutation: You have large cloven feet. [demonic
                  | ancestry]
  1940 | D:2      | Reached XP level 4. HP: 37/37 MP: 4/4
  1948 | D:2      | Found a faded altar of an unknown god.
  2298 | D:3      | Noticed Natasha
  2307 | D:3      | Killed Natasha
  2308 | D:3      | Reached skill level 1 in Short Blades
  2449 | D:3      | Found a glowing drain.
  2463 | Sewer    | Entered a sewer
  2536 | Sewer    | Reached skill level 4 in Fighting
  2710 | Sewer    | Found a burning altar of Makhleb.
  2710 | Sewer    | Noticed a kobold brigand
  2717 | Sewer    | Noticed Grinder
  2718 | Sewer    | Gained mutation: You occasionally lose the ability to drink
                  | potions when taking damage. [potion of mutation]
  2719 | Sewer    | HP: 2/55 [frozen (4)]
  2723 | Sewer    | Noticed a kobold brigand
  2734 | Sewer    | HP: 1/37 [Grinder (5)]
  2735 | Sewer    | Killed from afar by Grinder

Illustrated notes

Levels and vault maps discovered:
D:1:      dpeg_arrival_short_road, layout_loops_corners, minmay_cut_off
D:2:      layout_basic, ebering_ecumenical_altar_ruins
D:3:      layout_basic, elyvilon_altar_1, portal_sewer_entry_a, uniq_natasha,
          uniq_terence, uniq_jessica
Sewer:    kennysheep_sewer_church

Skill      XL: |  1  2  3  4 |
---------------+-------------+-----
Long Blades    | 3 |  3.2
Shields        | 1 2 |  2.1
Short Blades   | 1 |  1.3
Fighting       | 4 |  4.1
Dodging        | |  2.6
Stealth        | |  1.7

Action                   |  1- 3 |  4- 6 || total
-------------------------+-------+-------++-------
Melee: Falchion          |    23 |       ||    23
       Dagger            |    68 |    57 ||   125
       Kick              |       |    10 ||    10
  Use: Potion            |       |     8 ||     8
 Stab: Sleeping          |     3 |     3 ||     6
Armor: Robe              |    11 |     5 ||    16
       Skin              |       |     4 ||     4
Dodge: Dodged            |    31 |    26 ||    57
Block: Buckler           |    18 |    25 ||    43

Table legend: (Time is in decaauts)
 A = Elapsed time spent in this place.
 B = Non-inter-level travel time spent in this place.
 C = Inter-level travel time spent in this place.
 D = Time resting spent in this place.
 E = Time spent auto-exploring this place.
 F = Levels seen in this place.
 G = Mean time per level.
                   A        B        C        D        E       F      G
               +--------+--------+--------+--------+--------+-----+--------+
         Total |   2743 |   2685 |     58 |    453 |   1836 |   4 |  685.8 |
       Dungeon |   2462 |   2404 |     58 |    453 |   1660 |   3 |  820.7 |
         Sewer |    280 |    280 |      0 |      0 |    176 |   1 |  280.0 |
               +--------+--------+--------+--------+--------+-----+--------+

Top non-repeatable levels by time:
     D:1: 1173 daAuts
     D:2: 1093 daAuts
   Sewer: 280 daAuts
     D:3: 196 daAuts
